 Dungeon Crawl Stone Soup version 0.17-a0-1793-gcbb3aa1 (webtiles) character file.

46 thrall606 the Skirmisher (level 3, -1/29 HPs)
             Began as a Demonspawn Abyssal Knight on Sept 9, 2015.
             Was a Follower of Lugonu.
             Slain by an adder (3 damage)
             ... on level 2 of the Dungeon.
             The game lasted 00:04:42 (1541 turns).

thrall606 the Skirmisher (DsAK)                     Turns: 1541, Time: 00:04:44

Health: -1/29      AC: 14    Str: 13    XL:     3   Next: 44%
Magic:  5/5        EV:  3    Int: 13    God:    Lugonu [*.....]
Gold:   49         SH:  0    Dex: 12    Spells: 0 memorised, 2 levels left

rFire  . . .     SeeInvis .     a - +1 falchion
rCold  . . .     Clarity  .     g - +1 plate armour
rNeg   . . .     SustAt   .     (no shield)
rPois  .         Gourm    .     (no helmet)
rElec  .         Spirit   .     h - +0 cloak
rCorr  .         Warding  .     (no gloves)
rMut   .         Stasis   .     (no boots)
MR     .....                    (no amulet)
Stlth  ..........               (no ring)
                                (no ring)

@: very slightly contaminated, not resistant to hostile enchantments, extremely
unstealthy
A: rugged brown scales 1, powered by death 1
a: Depart the Abyss, Renounce Religion


You were on level 2 of the Dungeon.
You worshipped Lugonu.
Lugonu was aware of your devotion.
You were not hungry.

You visited 1 branch of the dungeon, and saw 2 of its levels.
You visited the Abyss 1 time.

You collected 49 gold pieces.

Inventory:

Hand weapons
 a - a +1 falchion (weapon)
Armour
 b - a +0 leather armour
 d - a +0 ring mail
 g - a +1 plate armour (worn)
 h - a +0 cloak (worn)
Jewellery
 j - an uncursed amulet of resist mutation
Scrolls
 c - a scroll of remove curse
Potions
 e - a potion of resistance
 i - a potion of magic
Comestibles
 f - a chunk of flesh


   Skills:
 + Level 3.5 Fighting
 + Level 2.2 Long Blades
 + Level 2.1 Armour
 + Level 1.1 Dodging
 + Level 0.2 Stealth
 + Level 3.1 Invocations


You had 2 spell levels left.
You didn't know any spells.

Dungeon Overview and Level Annotations

Branches:
Dungeon (2/15)

Altars:
Xom


Innate Abilities, Weirdness & Mutations

You are partially covered in rugged brown scales (AC +1, +3% HP).
You regenerate a little health from kills.


Message History

The adder bites you but does no damage.
You closely miss the adder.
The adder is moderately wounded.
The goblin hits you but does no damage.
You are electrocuted!
The adder bites you but does no damage. The goblin hits you but does no damage.
Your plate armour prevents you from hitting the adder.
The adder is moderately wounded.
The adder bites you but does no damage. The goblin hits you but does no damage.
The adder bites you.
You barely miss the adder.
The adder is moderately wounded.
The adder bites you but does no damage. The goblin hits you but does no damage.
Your plate armour prevents you from hitting the adder.
The adder is moderately wounded.
The adder bites you but does no damage. The goblin hits you but does no damage.
You are electrocuted!
Ouch! That really hurt!
* * * LOW HITPOINT WARNING * * *
The adder bites you.
You die...

#.##.# #.#..#
#####...##
#...(..##
###.###.##
#####...##...#
##.....####...####
#..##### #.......
******#@##*
#...####
#......Sg.# #...#
## #.........#
##.## #.
#.........# ### #.
########### #. #.
#. ##


You could see an adder and a goblin.

Vanquished Creatures
  2 adders (D:2)
  A giant gecko (D:1)
  4 bats
  5 goblins
  2 hobgoblins (D:1)
  3 giant newts
  6 kobolds (D:1)
  4 rats
27 creatures vanquished.

Notes
Turn   | Place    | Note
--------------------------------------------------------------
     0 | Abyss:1  | thrall606 the Demonspawn Abyssal Knight began the quest for the Orb.
     0 | Abyss:1  | Reached XP level 1. HP: 18/18 MP: 2/2
    17 | Abyss:1  | Noticed an orange demon
    18 | D:1      | Escaped the Abyss
   251 | D:1      | Acquired Lugonu's first power
   377 | D:1      | Gained mutation: You are partially covered in rugged brown scales (AC +1, +3% HP). [demonic ancestry]
   377 | D:1      | Reached XP level 2. HP: 13/24 MP: 3/3
   624 | D:1      | Found a shimmering altar of Xom.
  1043 | D:2      | Gained mutation: You regenerate a little health from kills. [demonic ancestry]
  1043 | D:2      | Reached XP level 3. HP: 8/29 MP: 5/5
  1372 | D:2      | Reached skill level 1 in Dodging
  1541 | D:2      | Slain by an adder

Vault maps used:
D:1:      scummos_arrival_simple_crosswalls, xom_teletrap_fun
D:2:      patterned_corridor

Action                   || total
-------------------------++-------
Melee: Falchion          ||   124
Invok: Depart the Abyss  ||     1
  Use: Potion            ||     8
       Scroll            ||     5
 Stab: Invisible         ||     1
  Eat: Bread ration      ||     1
